Map: Magannatha LE

Players

MeddlLoide - Winner!

  • Race: Zerg Zerg
  • League: Gold
  • Spawn Location: 11:00

ManlyManMeat

  • Race: Terran Terran
  • League: Master
  • Spawn Location: 5:00

VOD

Have the link to the VOD?

Description

Time

  • Played on: May 17, 2025, 10:14 a.m.
  • Length: 11:31
Show
View Real Time Build Order
Export as new Build Order

MeddlLoide Zerg - Winner!

Build Orders: Hatch First 

Get SALT Encoding   

  12  0:00  Drone  
  13  0:12  Overlord  
  13  0:17  Drone  
  14  0:23  Drone, Extractor  
  15  0:31  Drone  
  16  0:36  Drone  
  17  0:51  Hatchery  
  17  0:55  Drone  
  17  1:08  Spawning Pool  
  16  1:12  Drone  
  16  1:15  Drone  
  18  1:22  Extractor  
  18  1:23  Drone  
  18  1:28  Drone  
  19  1:39  Overlord  
  19  1:52  Drone  
  20  1:54  Queen  
  20  2:01  Drone  
  23  2:02  Queen  
  23  2:04  Zergling x2  
  26  2:11  Drone  
  26  2:14  Drone  
  28  2:22  Drone  
  29  2:24  Metabolic Boost  
  29  2:25  Drone  
  30  2:32  Drone  
  30  2:35  Drone  
  32  2:43  Drone  
  33  2:46  Baneling Nest, Drone  
  33  2:54  Drone  
  33  2:57  Overlord  
  34  3:02  Drone x2  
  34  3:04  Overlord  
  36  3:08  Overlord  
  36  3:14  Overlord  
  36  3:20  Drone x3  
  36  3:21  Drone  
  40  3:29  Zergling x2  
  40  3:31  Zergling x2  
  42  3:35  Zergling x6  
  42  3:37  Lair  
  45  3:41  Drone x2  
  47  3:51  Zergling x4  
  47  3:52  Zergling x4  
  49  4:07  Zergling x8  
  49  4:08  Zergling x4  
  55  4:18  Hatchery  
  52  4:25  Zergling x10  
  52  4:30  Drone  
  58  4:33  Extractor x2  
  58  4:37  Centrifugal Hooks  
  52  4:48  Baneling x5  
  51  4:55  Baneling  
  51  5:01  Drone x10  
  51  5:02  Extractor  
  60  5:08  Baneling  
  60  5:09  Baneling  
  60  5:11  Drone  
  61  5:20  Overlord x2  
  61  5:24  Baneling  
  61  5:25  Baneling x5  
  61  5:29  Drone  
  61  5:31  Drone x2  
  61  5:33  Drone x4  
  61  5:34  Queen  
  70  5:35  Drone  
  70  5:36  Drone x2  
  70  5:41  Baneling x6  
  70  5:42  Drone  
  74  5:43  Drone  
  74  5:47  Drone x2  
  77  5:53  Overlord  
  77  5:54  Overseer  
  77  6:03  Hatchery  
  66  6:06  Zergling x14  
  66  6:07  Zergling x4  
  73  6:11  Extractor  
  73  6:12  Extractor  
  71  6:21  Zergling x6  
  71  6:25  Drone x2  
  76  6:27  Drone  
  76  6:29  Queen  
  79  6:32  Queen  
  79  6:36  Drone x2  
  79  6:38  Zergling x2  
  84  6:40  Baneling x14  
  84  6:41  Baneling x4  
  84  6:43  Zergling x6  
  84  6:46  Drone  
  88  6:51  Evolution Chamber  
  88  6:52  Zergling x16  
  94  7:07  Zergling x6  
  86  7:13  Drone x3  
  86  7:15  Drone  
  90  7:16  Queen  
  90  7:20  Drone x7  
  90  7:22  Baneling x10  
  99  7:23  Baneling x6  
  99  7:24  Zerg Melee Weapons Level 1  
  99  7:25  Drone  
  99  7:28  Drone x2  
  102  7:31  Hydralisk Den  
  102  7:34  Baneling  
  102  7:35  Baneling x7  
  92  7:54  Zergling x26  
  92  7:55  Zergling x2  
  104  7:58  Overlord  
  104  7:59  Overlord x3  
  104  8:03  Extractor  
  104  8:04  Overlord  
  103  8:09  Drone  
  103  8:10  Overseer  
  104  8:17  Zergling x20  
  114  8:21  Baneling x5, Hatchery  
  114  8:26  Hydralisk  
  113  8:27  Hydralisk x3  
  113  8:29  Pneumatized Carapace  
  121  8:46  Baneling x17  
  121  8:47  Zergling x14, Baneling x6  
  121  8:48  Zergling x2  
  129  8:55  Evolution Chamber, Drone x6  
  134  8:58  Overlord, Extractor  
  134  9:00  Overlord  
  105  9:18  Zergling x4  
  105  9:19  Zergling x30  
  120  9:30  Zergling x8  
  118  9:36  Queen  
  118  9:37  Drone x6  
  126  9:42  Overlord  
  123  9:47  Zergling x8  
  112  10:02  Hydralisk  
  112  10:03  Hydralisk x4, Zergling x2  
  120  10:08  Drone x6  
  120  10:10  Muscular Augments  
  120  10:13  Hydralisk  
  120  10:14  Hydralisk x3  
  134  10:23  Drone x3  
  124  10:44  Zergling x24  
  124  10:45  Zergling x8  
  124  10:49  Extractor  
  139  10:55  Zergling x14  
  146  10:58  Zergling x2  
  146  10:59  Zergling x2  
  146  11:02  Overlord x5  
  148  11:08  Infestation Pit  
Show
View Real Time Build Order
Export as new Build Order

ManlyManMeat Terran 

Build Orders:  

Get SALT Encoding   

  12  0:00  SCV  
  13  0:17  Supply Depot  
  13  0:18  SCV  
  14  0:30  SCV  
  15  0:42  SCV  
  16  0:43  Barracks  
  16  0:48  Refinery  
  16  0:55  SCV  
  17  1:07  SCV  
  18  1:19  SCV  
  19  1:35  Command Center  
  19  1:37  Barracks Reactor  
  19  1:49  Orbital Command  
  19  2:04  Supply Depot  
  19  2:13  Barracks  
  19  2:18  SCV  
  19  2:20  Marine  
  21  2:24  Marine  
  22  2:33  Barracks  
  22  2:38  Marine  
  22  2:40  SCV  
  22  2:42  Marine  
  25  2:51  Orbital Command  
  25  2:56  Marine  
  26  3:04  Barracks Tech Lab  
  26  3:05  Marine  
  27  3:07  SCV  
  28  3:13  Marine  
  29  3:23  Marauder  
  29  3:25  Stimpack  
  29  3:26  Barracks Tech Lab  
  31  3:30  SCV x2  
  33  3:35  Marine  
  33  3:36  Marine  
  35  3:42  SCV  
  35  3:44  Factory  
  35  3:45  Marine  
  37  3:48  SCV  
  38  3:57  Marine x2  
  40  4:09  Combat Shield  
  35  4:11  Marine x2  
  35  4:13  SCV x2  
  35  4:15  Marine x2  
  41  4:20  Supply Depot  
  35  4:29  Factory Tech Lab, Marine x2  
  37  4:34  SCV  
  37  4:35  Refinery  
  38  4:42  Marine x2  
  35  4:47  SCV  
  35  4:51  Marine x2  
  35  4:57  Bunker  
  35  5:00  Marine x2  
  35  5:04  Siege Tank  
  40  5:08  Marine  
  40  5:09  Marine  
  40  5:11  SCV x2  
  44  5:23  SCV x2  
  44  5:27  Refinery  
  46  5:28  Supply Depot  
  46  5:29  Supply Depot  
  46  5:35  SCV  
  47  5:37  Engineering Bay  
  47  5:38  Engineering Bay  
  47  5:42  SCV, Bunker  
  48  5:47  SCV  
  49  5:56  Marine x2  
  51  5:57  Marauder  
  51  5:59  Marine  
  45  6:10  Engineering Bay  
  45  6:14  Engineering Bay, Marine x2  
  45  6:15  Siege Tank  
  50  6:22  Refinery  
  50  6:27  Marine  
  50  6:28  Marine  
  50  6:30  Bunker  
  52  6:35  Barracks, Starport  
  52  6:37  Barracks  
  52  6:38  Barracks  
  52  6:42  Marine x2  
  54  6:51  Marine  
  54  6:52  Marine  
  56  7:00  SCV x2  
  58  7:07  Marine  
  58  7:08  Marine  
  59  7:12  SCV  
  60  7:16  Engineering Bay, Marine x2  
  60  7:20  Concussive Shells  
  60  7:22  Medivac  
  64  7:25  Marine  
  64  7:26  Supply Depot  
  64  7:27  Supply Depot  
  64  7:29  SCV x2  
  67  7:33  Bunker  
  67  7:37  Supply Depot  
  65  7:57  Engineering Bay, Marine x3  
  65  7:58  Marine x2  
  60  8:09  Marine x2  
  62  8:13  Supply Depot  
  62  8:17  Engineering Bay  
  62  8:18  Engineering Bay  
  62  8:19  Supply Depot, Bunker  
  62  8:20  SCV  
  62  8:21  SCV, Marine x2  
  66  8:31  Barracks Reactor, Barracks Tech Lab  
  66  8:32  Barracks Reactor  
  66  8:33  Starport Reactor  
  66  8:46  Terran Infantry Weapons Level 1  
  66  8:51  Marine x3  
  66  8:54  Siege Tank  
  72  9:00  Command Center  
  66  9:15  SCV  
  66  9:16  SCV  
  48  9:22  Marine x4  
  48  9:23  Marine x4  
  48  9:24  Marine  
  56  9:28  SCV x2  
  56  9:40  SCV x2, Marine x4  
  56  9:44  Engineering Bay  
  62  9:47  Engineering Bay  
  62  9:52  SCV x2  
  50  10:00  Marine x4  
  50  10:01  Marine x3  
  50  10:02  Marine  
  57  10:13  Marine  
  58  10:14  Viking  
  57  10:39  Marine x3  
  57  10:40  Marine x3  
  54  10:50  SCV x2  
  56  11:02  SCV  
Tags
 
Matchup
TvZ
Spawn Locations
Cross Positions
Add a new tag
Caveats
  • Supply blocks, unpowered buildings, or Contaminate may cause inaccurate times.
  • Supply counts are checked every 10 seconds.